Bears vs Americans
Created - December 19, 2023 at 20:04
Goals
|
| Bears |
2 |
1 |
1 |
4 |
| Americans |
0 |
1 |
0 |
1 |
|
Shots
|
| Bears |
15 |
6 |
8 |
29 |
| Americans |
11 |
8 |
9 |
28 |
|
1st period
1. Bears , Logan O'Connor 8 (Gianluca Curcuruto 11, Nikolay Prokhorkin 6) at 4:48
2. Bears , Joshua Leivo 13 (Tommy Vannelli 9, A.J. Jenks 17) at 19:33 (PP)
Penalties :
Alex Schoenborn (Roc) for Roughing (Minor) at 17:45
2nd period
3. Americans , Daniel Sprong 3 (Maxim Mamin 2, Vladimir Tkachev 6) at 8:48
4. Bears , Kerby Rychel 17 (Tommy Vannelli 10, Sam Carrick 20) at 10:08 (PP)
Penalties :
Victor Mete (Roc) for Tripping (Minor) at 9:54, Matt Grzelcyk (Roc) for Goalie Interference (Minor) at 13:42
3rd period
5. Bears , Austin Wuthrich 7 (Vincent Dunn 11, Cole Smith 6) at 5:46
Penalties :
Tarmo Reunanen (Roc) for Tripping (Minor) at 10:44
Goalie Stats
Jake Allen (Her), 27 saves from 28 shots - (0.964), W, 16-8-0, 60:00 minutes
Peyton Jones (Roc), 25 saves from 29 shots - (0.862), L, 0-1-0, 60:00 minutes
Players Stats for Bears
Player Name G A P +/- PIM S H SB GA TA FO MP PP MP PK MP
------------------------------------------------------------------------------------
A.J. Jenks 0 1 1 0 0 2 7 0 2 0 0/1 19:45 3:11 0:00
Adam Lowry 0 0 0 0 0 0 4 0 0 0 5/10 18:26 3:11 0:00
Austin Wuthrich 1 0 1 1 0 3 1 0 1 0 0/0 13:30 0:07 0:00
Colby Cave 0 0 0 1 0 2 2 0 0 0 0/2 9:40 0:07 0:00
Cole Smith 0 1 1 1 0 1 2 0 0 0 1/1 12:38 0:00 0:00
Emil Johansson 0 0 0 -1 0 2 0 0 0 0 0/0 20:23 0:11 0:00
Gianluca Curcuruto 0 1 1 2 0 3 1 2 1 1 0/0 27:59 3:53 0:00
Jacob Bryson 0 0 0 0 0 0 0 0 0 0 0/0 15:54 2:04 0:00
Joshua Leivo 1 0 1 0 0 1 2 0 1 0 0/1 18:18 3:11 0:00
Kerby Rychel 1 0 1 -1 0 1 4 0 1 2 2/2 19:52 2:42 0:00
Logan O'Connor 1 0 1 1 0 1 1 0 1 1 0/1 9:01 0:00 0:00
Michael Prapavessis 0 0 0 -1 0 1 2 2 1 1 0/0 20:47 1:56 0:00
Nicholas Caamano 0 0 0 0 0 0 0 0 0 0 0/0 0:00 0:00 0:00
Nicolas Aube-Kubel 0 0 0 -1 0 3 4 1 1 1 2/5 19:50 2:42 0:00
Nikolay Prokhorkin 0 1 1 1 0 0 2 0 0 0 0/0 9:20 0:07 0:00
Ryan Graves 0 0 0 0 0 0 0 0 0 0 0/0 1:56 0:00 0:00
Sam Carrick 0 1 1 -1 0 2 2 1 1 2 12/24 19:50 2:42 0:00
Tommy Vannelli 0 2 2 2 0 6 3 3 0 1 0/0 30:13 3:56 0:00
Vincent Dunn 0 1 1 1 0 1 3 1 0 1 2/8 12:38 0:00 0:00
Players Stats for Americans
Player Name G A P +/- PIM S H SB GA TA FO MP PP MP PK MP
------------------------------------------------------------------------------------
Alex Schoenborn 0 0 0 -2 2 0 0 0 0 0 0/0 14:22 0:00 0:00
Cameron Hughes 0 0 0 0 0 0 0 0 0 0 0/0 0:00 0:00 0:00
Daniel Sprong 1 0 1 1 0 2 2 0 1 0 0/0 12:24 0:00 0:00
Dillon Heatherington 0 0 0 0 0 1 0 3 1 4 0/0 25:38 0:00 3:36
Dmitri Semykin 0 0 0 0 0 0 1 1 0 1 0/0 16:35 0:00 1:21
Jesperi Kotkaniemi 0 0 0 0 0 0 0 0 0 0 0/0 0:46 0:00 0:09
Joel Eriksson Ek 0 0 0 0 0 4 4 3 0 0 11/27 21:12 0:00 3:38
Joel Teasdale 0 0 0 0 0 0 0 0 0 0 0/0 0:00 0:00 0:00
John Leonard 0 0 0 0 0 1 0 0 1 0 0/0 8:43 0:00 0:00
Lauri Pajuniemi 0 0 0 0 0 0 0 0 0 0 0/0 1:04 0:00 0:57
Marc Michaelis 0 0 0 -2 0 2 2 2 1 0 0/0 16:33 0:00 1:21
Matt Grzelcyk 0 0 0 0 2 5 1 2 2 2 0/0 24:32 0:00 2:24
Maxim Mamin 0 1 1 1 0 2 2 0 2 1 4/5 12:24 0:00 0:00
Nathan Noel 0 0 0 0 0 1 1 1 0 0 3/3 8:43 0:00 0:00
Richard Nejezchleb 0 0 0 0 0 0 0 0 0 0 0/0 17:34 0:00 0:00
Ryan Fitzgerald 0 0 0 -2 0 1 1 2 0 0 9/12 16:33 0:00 1:21
Spencer Stastney 0 0 0 0 0 2 1 1 0 1 0/0 16:02 0:00 0:50
Tarmo Reunanen 0 0 0 -1 2 0 1 1 0 0 0/0 18:33 0:00 1:23
Teemu Pulkkinen 0 0 0 0 0 4 3 0 0 1 3/7 21:13 0:00 3:39
Victor Mete 0 0 0 -1 2 1 0 1 1 0 0/0 18:56 0:00 2:26
Vladimir Tkachev 0 1 1 1 0 0 3 0 1 0 0/0 13:26 0:00 0:55
Zachary Senyshyn 0 0 0 0 0 2 0 0 0 0 1/1 8:43 0:00 0:00
3 Stars
1 - Tommy Vannelli (Her)
2 - Jake Allen (Her)
3 - A.J. Jenks (Her)
Power Play
Bears - 2 on 4 Attempt(s) - 50.00%
Americans - 0 on 0 Attempt(s) - 0.00%
Penalty Kill
Bears - 0 on 0 Attempt(s) - 0.00%
- Score 0 goal in Penalty Kill
Americans - 2 on 4 Attempt(s) - 50.00%
- Score 0 goal in Penalty Kill
Team Stat
Bears - Hits : 40 - Faceoff Wins : 24 - Blocked Shots : 10 - Penalty Minutes : 0
Americans - Hits : 22 - Faceoff Wins : 31 - Blocked Shots : 17 - Penalty Minutes : 8
Official
Referees : Brandon Blandina and Wes McCauley
Linesman : Travis Toomey and Kyle Flemington
Game Notes
Ryan Graves is injured at 7:51 of 1st period (Facial Surgery)
Finance
Level 1 -- Attendance: 1769 (88.45%) -- Ticket Income $123,830
Level 2 -- Attendance: 854 (85.40%) -- Ticket Income $34,160
Total Attendance: 2623 (87.43%)
Total Ticket Income: $157,990
Other Income: $7,900
Total Income: $165,890
Bears
5 vs 5 Forward
Center Left Wing Right Wing Time % Phy DF OF
1 Sam Carrick Kerby Rychel Nicolas Aube-Kubel 40 0 0 5
2 Adam Lowry A.J. Jenks Joshua Leivo 30 0 1 4
3 Vincent Dunn Cole Smith Austin Wuthrich 20 0 2 3
4 Colby Cave Nikolay Prokhorkin Logan O'Connor 10 0 3 2
5 vs 5 Defense
Defense Defense Time % Phy DF OF
1 Tommy Vannelli Gianluca Curcuruto 40 0 3 2
2 Emil Johansson Michael Prapavessis 30 0 4 1
3 Jacob Bryson Ryan Graves 20 0 4 1
4 Gianluca Curcuruto Tommy Vannelli 10 0 2 3
PowerPlay Forward
Center Left Wing Right Wing Time % Phy DF OF
1 Sam Carrick Kerby Rychel Nicolas Aube-Kubel 60 0 0 5
2 Adam Lowry A.J. Jenks Joshua Leivo 40 0 1 4
PowerPlay Defense
Defense Defense Time % Phy DF OF
1 Tommy Vannelli Gianluca Curcuruto 60 0 2 3
2 Jacob Bryson Michael Prapavessis 40 0 2 3
Penalty Kill 4 Players Forward
Center Wing Time % Phy DF OF
1 Kerby Rychel Nicolas Aube-Kubel 60 0 4 1
2 Joshua Leivo Sam Carrick 40 0 4 1
Penalty Kill 4 Players Defense
Defense Defense Time % Phy DF OF
1 Emil Johansson Gianluca Curcuruto 60 0 5 0
2 Tommy Vannelli Michael Prapavessis 40 0 5 0
Penalty Kill - 3 Players Forward
Forward Time % Phy DF OF
1 Kerby Rychel 60 0 5 0
2 Nicolas Aube-Kubel 40 0 5 0
Penalty Kill - 3 Players Defense
Defense Defense Time % Phy DF OF
1 Tommy Vannelli Gianluca Curcuruto 60 0 5 0
2 Emil Johansson Michael Prapavessis 40 0 5 0
4 vs 4 Forward
Center Wing Time % Phy DF OF
1 Kerby Rychel Nicolas Aube-Kubel 60 0 1 4
2 Joshua Leivo Sam Carrick 40 0 1 4
4 vs 4 Defense
Defense Defense Time % Phy DF OF
1 Tommy Vannelli Gianluca Curcuruto 60 0 3 2
2 Jacob Bryson Michael Prapavessis 40 0 3 2
Last Minutes Offensive
Center Left Wing Right Wing Defense Defense
Sam Carrick Kerby Rychel Nicolas Aube-Kubel Tommy Vannelli Gianluca Curcuruto
Last Minutes Defensive
Center Left Wing Right Wing Defense Defense
Sam Carrick Kerby Rychel Nicolas Aube-Kubel Tommy Vannelli Gianluca Curcuruto
Goaltenders
Starting : Jake Allen
Backup : Artyom Zagidulin
Extra Forwards
Normal : Kerby Rychel, Nicolas Aube-Kubel, Sam Carrick - PP : Kerby Rychel, Nicolas Aube-Kubel - PK : Kerby Rychel
Extra Defensemen
Normal : Tommy Vannelli, Gianluca Curcuruto, Michael Prapavessis - PP : Tommy Vannelli - PK : Tommy Vannelli, Gianluca Curcuruto
Penalty Shots
Kerby Rychel, Nicolas Aube-Kubel, Joshua Leivo, Sam Carrick, A.J. Jenks
Custom OT Lines Forwards
Kerby Rychel, Nicolas Aube-Kubel, Joshua Leivo, Sam Carrick, A.J. Jenks, Austin Wuthrich, Cole Smith, Logan O'Connor, Adam Lowry, Nikolay Prokhorkin
Custom OT Lines Defensemen
Tommy Vannelli, Gianluca Curcuruto, Michael Prapavessis, Emil Johansson, Jacob Bryson
Scratches
Blake Speers (Healthy), Christian Dvorak (Healthy), Jesper Pettersson (Healthy), David Farrance (Healthy), Mackenze Stewart (Healthy)
Zack Hayes (Healthy), Mario Ferraro (Healthy), Will Reilly (Healthy), Kristians Rubins (Healthy), Isaac Ratcliffe (Healthy)
Jakob Stenqvist (Healthy), Arvid Henrikson (Healthy), Kirill Maksimov (Healthy)
Americans
5 vs 5 Forward
Center Left Wing Right Wing Time % Phy DF OF
1 Joel Eriksson Ek Teemu Pulkkinen Richard Nejezchleb 40 1 2 2
2 Ryan Fitzgerald Marc Michaelis Alex Schoenborn 30 1 2 2
3 Maxim Mamin Vladimir Tkachev Daniel Sprong 20 1 2 2
4 Nathan Noel John Leonard Zachary Senyshyn 10 1 2 2
5 vs 5 Defense
Defense Defense Time % Phy DF OF
1 Dillon Heatherington Matt Grzelcyk 40 1 2 2
2 Victor Mete Tarmo Reunanen 30 1 2 2
3 Spencer Stastney Dmitri Semykin 20 1 2 2
4 Dillon Heatherington Matt Grzelcyk 10 1 2 2
PowerPlay Forward
Center Left Wing Right Wing Time % Phy DF OF
1 Joel Eriksson Ek Teemu Pulkkinen Richard Nejezchleb 60 1 2 2
2 Ryan Fitzgerald Marc Michaelis Alex Schoenborn 40 1 2 2
PowerPlay Defense
Defense Defense Time % Phy DF OF
1 Dillon Heatherington Matt Grzelcyk 60 1 2 2
2 Victor Mete Tarmo Reunanen 40 1 2 2
Penalty Kill 4 Players Forward
Center Wing Time % Phy DF OF
1 Teemu Pulkkinen Joel Eriksson Ek 60 1 2 2
2 Ryan Fitzgerald Marc Michaelis 40 1 2 2
Penalty Kill 4 Players Defense
Defense Defense Time % Phy DF OF
1 Dillon Heatherington Matt Grzelcyk 60 1 2 2
2 Victor Mete Tarmo Reunanen 40 1 2 2
Penalty Kill - 3 Players Forward
Forward Time % Phy DF OF
1 Teemu Pulkkinen 60 1 2 2
2 Joel Eriksson Ek 40 1 2 2
Penalty Kill - 3 Players Defense
Defense Defense Time % Phy DF OF
1 Dillon Heatherington Matt Grzelcyk 60 1 2 2
2 Victor Mete Tarmo Reunanen 40 1 2 2
4 vs 4 Forward
Center Wing Time % Phy DF OF
1 Teemu Pulkkinen Joel Eriksson Ek 60 1 2 2
2 Ryan Fitzgerald Marc Michaelis 40 1 2 2
4 vs 4 Defense
Defense Defense Time % Phy DF OF
1 Dillon Heatherington Matt Grzelcyk 60 1 2 2
2 Victor Mete Tarmo Reunanen 40 1 2 2
Last Minutes Offensive
Center Left Wing Right Wing Defense Defense
Joel Eriksson Ek Teemu Pulkkinen Richard Nejezchleb Dillon Heatherington Matt Grzelcyk
Last Minutes Defensive
Center Left Wing Right Wing Defense Defense
Joel Eriksson Ek Teemu Pulkkinen Richard Nejezchleb Dillon Heatherington Matt Grzelcyk
Goaltenders
Starting : Peyton Jones
Backup : Connor Hellebyuk
Extra Forwards
Normal : Jesperi Kotkaniemi, Joel Teasdale, Lauri Pajuniemi - PP : Jesperi Kotkaniemi, Joel Teasdale - PK : Lauri Pajuniemi
Extra Defensemen
Normal : Spencer Stastney, Dmitri Semykin, Victor Mete - PP : Spencer Stastney - PK : Dmitri Semykin, Victor Mete
Penalty Shots
Teemu Pulkkinen, Joel Eriksson Ek, Ryan Fitzgerald, Marc Michaelis, Vladimir Tkachev
Custom OT Lines Forwards
Teemu Pulkkinen, Joel Eriksson Ek, Ryan Fitzgerald, Marc Michaelis, Vladimir Tkachev, Richard Nejezchleb, Maxim Mamin, Nathan Noel, Alex Schoenborn, Daniel Sprong
Custom OT Lines Defensemen
Dillon Heatherington, Matt Grzelcyk, Victor Mete, Tarmo Reunanen, Spencer Stastney
Scratches
Jonas Brodin (Suspend), Xavier Bouchard (Suspend)
% Time on Ice - Bears
Lines # - Real PCT - Wanted PCT - Time Play
Normal Forward
1 - 32% - 40% - 17:22
2 - 28% - 30% - 14:59
3 - 23% - 20% - 12:38
4 - 17% - 10% - 9:01
Normal Defense
1 - 37% - 40% - 20:14
2 - 26% - 30% - 13:56
3 - 31% - 20% - 17:00
4 - 5% - 10% - 2:50
PP Forward
1 - 47% - 60% - 2:49
2 - 53% - 40% - 3:11
PP Defense
1 - 66% - 60% - 3:56
2 - 34% - 40% - 2:04
PK Forward
1 - 0% - 60%
2 - 0% - 40%
PK Defense
1 - 0% - 60%
2 - 0% - 40%
PK3 Forward
1 - 0% - 60%
2 - 0% - 40%
PK3 Defense
1 - 0% - 60%
2 - 0% - 40%
44 Forward
1 - 0% - 60%
2 - 0% - 40%
44 Defense
1 - 0% - 60%
2 - 0% - 40%
Last Minute Offensive - 0:00
Last Minute Defensive - 0:00
Total
Forward - 60:00
Defense - 60:00
|
% Time on Ice - Americans
Lines # - Real PCT - Wanted PCT - Time Play
Normal Forward
1 - 33% - 40% - 17:41
2 - 28% - 30% - 15:12
3 - 23% - 20% - 12:24
4 - 16% - 10% - 8:43
Normal Defense
1 - 37% - 40% - 20:09
2 - 33% - 30% - 17:47
3 - 25% - 20% - 13:20
4 - 5% - 10% - 2:44
PP Forward
1 - 0% - 60%
2 - 0% - 40%
PP Defense
1 - 0% - 60%
2 - 0% - 40%
PK Forward
1 - 78% - 60% - 4:39
2 - 23% - 40% - 1:21
PK Defense
1 - 60% - 60% - 3:36
2 - 40% - 40% - 2:24
PK3 Forward
1 - 0% - 60%
2 - 0% - 40%
PK3 Defense
1 - 0% - 60%
2 - 0% - 40%
44 Forward
1 - 0% - 60%
2 - 0% - 40%
44 Defense
1 - 0% - 60%
2 - 0% - 40%
Last Minute Offensive - 0:00
Last Minute Defensive - 0:00
Total
Forward - 60:00
Defense - 60:00
|
Play-by-Play
1st period
0:01 of 1st period - Sam Carrick wins face-off versus Joel Eriksson Ek in neutral zone.
1:10 of 1st period - Snap shot by Teemu Pulkkinen.
1:10 of 1st period - Shot Misses the Net.
1:16 of 1st period - Snap shot by Teemu Pulkkinen.
1:16 of 1st period - Stopped by Jake Allen without a rebound.
1:17 of 1st period - Nathan Noel wins face-off versus Vincent Dunn in Bears zone.
1:32 of 1st period - Wrist shot by Zachary Senyshyn.
1:32 of 1st period - Stopped by Jake Allen with a rebound.
2:09 of 1st period - Joshua Leivo is hit by Teemu Pulkkinen.
2:24 of 1st period - Icing by Tommy Vannelli.
2:25 of 1st period - Ryan Fitzgerald wins face-off versus Colby Cave in Bears zone.
2:46 of 1st period - Snap shot by Logan O'Connor.
2:46 of 1st period - Shot Misses the Net.
2:48 of 1st period - Slapshot by Tommy Vannelli.
2:48 of 1st period - Stopped by Peyton Jones with a rebound.
3:04 of 1st period - Slapshot by Colby Cave.
3:04 of 1st period - Stopped by Peyton Jones with a rebound.
3:26 of 1st period - Wrist shot by Ryan Fitzgerald.
3:26 of 1st period - Shot Misses the Net.
3:34 of 1st period - Tommy Vannelli is hit by Marc Michaelis and loses puck.
4:25 of 1st period - Alex Schoenborn is hit by Nikolay Prokhorkin and loses puck.
4:34 of 1st period - Snap shot by Nikolay Prokhorkin.
4:34 of 1st period - Shot Misses the Net.
4:36 of 1st period - Backhand shot by Gianluca Curcuruto.
4:36 of 1st period - Shot Blocked by Ryan Fitzgerald.
4:38 of 1st period - Slapshot by Gianluca Curcuruto.
4:38 of 1st period - Shot Blocked by Ryan Fitzgerald.
4:40 of 1st period - Snap shot by Gianluca Curcuruto.
4:40 of 1st period - Shot Blocked by Spencer Stastney.
4:42 of 1st period - Slapshot by Gianluca Curcuruto.
4:42 of 1st period - Shot Blocked by Marc Michaelis.
4:44 of 1st period - Slapshot by Gianluca Curcuruto.
4:44 of 1st period - Shot Misses the Net.
4:46 of 1st period - Slapshot by Gianluca Curcuruto.
4:46 of 1st period - Stopped by Peyton Jones with a rebound.
4:48 of 1st period - Slapshot by Logan O'Connor.
4:48 of 1st period - Goal by Logan O'Connor - Bears : 1 - Americans : 0.
4:49 of 1st period - Joel Eriksson Ek wins face-off versus Nicolas Aube-Kubel in neutral zone.
5:04 of 1st period - Snap shot by Nicolas Aube-Kubel.
5:04 of 1st period - Shot Misses the Net.
5:36 of 1st period - Tarmo Reunanen is hit by Vincent Dunn and loses puck.
5:43 of 1st period - Slapshot by Austin Wuthrich.
5:43 of 1st period - Shot Misses the Net.
6:16 of 1st period - Dillon Heatherington is hit by Adam Lowry and loses puck.
6:49 of 1st period - Vladimir Tkachev is hit by Michael Prapavessis and loses puck.
7:50 of 1st period - Ryan Graves is hit by Dmitri Semykin and loses puck.
7:51 of 1st period - Ryan Graves from Bears is injured at 7:51 of 1st period (Facial Surgery).
7:52 of 1st period - Joel Eriksson Ek wins face-off versus Sam Carrick in Bears zone.
7:59 of 1st period - Slapshot by Teemu Pulkkinen.
7:59 of 1st period - Deflect By Joel Eriksson Ek.
7:59 of 1st period - Stopped by Jake Allen with a rebound.
8:01 of 1st period - Backhand shot by Matt Grzelcyk.
8:01 of 1st period - Shot Misses the Net.
8:03 of 1st period - Snap shot by Matt Grzelcyk.
8:03 of 1st period - Shot Blocked by Tommy Vannelli.
8:05 of 1st period - Wrist shot by Teemu Pulkkinen.
8:05 of 1st period - Stopped by Jake Allen without a rebound.
8:06 of 1st period - Sam Carrick wins face-off versus Joel Eriksson Ek in Bears zone.
8:23 of 1st period - Snap shot by Teemu Pulkkinen.
8:23 of 1st period - Stopped by Jake Allen without a rebound.
8:24 of 1st period - Maxim Mamin wins face-off versus Adam Lowry in Bears zone.
8:25 of 1st period - Wrist shot by Vladimir Tkachev.
8:25 of 1st period - Deflect By Maxim Mamin.
8:25 of 1st period - Shot Misses the Net.
8:25 of 1st period - Puck is out of play.
8:26 of 1st period - Adam Lowry wins face-off versus Maxim Mamin in Bears zone.
8:58 of 1st period - Dillon Heatherington is hit by Nicolas Aube-Kubel and loses puck.
9:10 of 1st period - Off-side.
9:11 of 1st period - Ryan Fitzgerald wins face-off versus Vincent Dunn in neutral zone.
10:15 of 1st period - Icing by Maxim Mamin.
10:16 of 1st period - Nathan Noel wins face-off versus Logan O'Connor in Americans zone.
10:16 of 1st period - Nathan Noel is hit by Tommy Vannelli.
10:43 of 1st period - Matt Grzelcyk is hit by Kerby Rychel and loses puck.
11:08 of 1st period - Snap shot by Vladimir Tkachev.
11:08 of 1st period - Shot Misses the Net.
11:10 of 1st period - Slapshot by Matt Grzelcyk.
11:10 of 1st period - Deflect By Ryan Fitzgerald.
11:10 of 1st period - Deflect By Jacob Bryson.
11:10 of 1st period - Shot Misses the Net.
11:10 of 1st period - Puck is out of play.
11:11 of 1st period - Ryan Fitzgerald wins face-off versus Joshua Leivo in Bears zone.
11:36 of 1st period - Jacob Bryson is hit by Vladimir Tkachev and loses puck.
11:43 of 1st period - Daniel Sprong is hit by Joshua Leivo and loses puck.
11:50 of 1st period - Wrist shot by Joshua Leivo.
11:50 of 1st period - Shot Blocked by Victor Mete.
11:52 of 1st period - Snap shot by Michael Prapavessis.
11:52 of 1st period - Stopped by Peyton Jones with a rebound.
11:54 of 1st period - Wrist shot by A.J. Jenks.
11:54 of 1st period - Stopped by Peyton Jones without a rebound.
11:55 of 1st period - Sam Carrick wins face-off versus Joel Eriksson Ek in Americans zone.
11:58 of 1st period - Slapshot by Kerby Rychel.
11:58 of 1st period - Deflect By Sam Carrick.
11:58 of 1st period - Shot Misses the Net.
11:58 of 1st period - Puck is out of play.
11:59 of 1st period - Sam Carrick wins face-off versus Joel Eriksson Ek in Americans zone.
12:10 of 1st period - Wrist shot by Teemu Pulkkinen.
12:10 of 1st period - Deflect By Joel Eriksson Ek.
12:10 of 1st period - Stopped by Jake Allen with a rebound.
12:12 of 1st period - Slapshot by Matt Grzelcyk.
12:12 of 1st period - Shot Blocked by Gianluca Curcuruto.
12:14 of 1st period - Slapshot by Dillon Heatherington.
12:14 of 1st period - Deflect By Teemu Pulkkinen.
12:14 of 1st period - Shot Misses the Net.
12:14 of 1st period - Puck is out of play.
12:15 of 1st period - Ryan Fitzgerald wins face-off versus Vincent Dunn in Bears zone.
12:45 of 1st period - Wrist shot by Kerby Rychel.
12:45 of 1st period - Shot Blocked by Matt Grzelcyk.
12:47 of 1st period - Snap shot by Nicolas Aube-Kubel.
12:47 of 1st period - Shot Misses the Net.
12:49 of 1st period - Wrist shot by Nicolas Aube-Kubel.
12:49 of 1st period - Shot Blocked by Dillon Heatherington.
14:08 of 1st period - Wrist shot by Nicolas Aube-Kubel.
14:08 of 1st period - Stopped by Peyton Jones with a rebound.
14:28 of 1st period - Snap shot by Joel Eriksson Ek.
14:28 of 1st period - Stopped by Jake Allen with a rebound.
15:05 of 1st period - Slapshot by Dillon Heatherington.
15:05 of 1st period - Shot Blocked by Nicolas Aube-Kubel.
15:07 of 1st period - Snap shot by Zachary Senyshyn.
15:07 of 1st period - Stopped by Jake Allen without a rebound.
15:08 of 1st period - Adam Lowry wins face-off versus Joel Eriksson Ek in Bears zone.
15:15 of 1st period - Slapshot by Tommy Vannelli.
15:15 of 1st period - Stopped by Peyton Jones with a rebound.
15:17 of 1st period - Wrist shot by A.J. Jenks.
15:17 of 1st period - Stopped by Peyton Jones with a rebound.
15:19 of 1st period - Slapshot by Jacob Bryson.
15:19 of 1st period - Shot Blocked by Joel Eriksson Ek.
15:21 of 1st period - Snap shot by A.J. Jenks.
15:21 of 1st period - Shot Blocked by Joel Eriksson Ek.
15:33 of 1st period - Richard Nejezchleb is hit by Cole Smith and loses puck.
15:38 of 1st period - Wrist shot by Austin Wuthrich.
15:38 of 1st period - Shot Misses the Net.
15:40 of 1st period - Snap shot by Tommy Vannelli.
15:40 of 1st period - Stopped by Peyton Jones with a rebound.
15:42 of 1st period - Slapshot by Tommy Vannelli.
15:42 of 1st period - Stopped by Peyton Jones with a rebound.
15:44 of 1st period - Snap shot by Vincent Dunn.
15:44 of 1st period - Stopped by Peyton Jones without a rebound.
15:45 of 1st period - Ryan Fitzgerald wins face-off versus Sam Carrick in Americans zone.
16:00 of 1st period - Marc Michaelis is hit by Nicolas Aube-Kubel.
16:10 of 1st period - Dmitri Semykin is hit by Adam Lowry and loses puck.
16:19 of 1st period - Slapshot by Dillon Heatherington.
16:19 of 1st period - Deflect By Daniel Sprong.
16:19 of 1st period - Shot Misses the Net.
16:19 of 1st period - Puck is out of play.
16:20 of 1st period - Adam Lowry wins face-off versus Teemu Pulkkinen in Bears zone.
16:33 of 1st period - Snap shot by Dillon Heatherington.
16:33 of 1st period - Shot Misses the Net.
16:47 of 1st period - Ryan Fitzgerald is hit by Kerby Rychel and loses puck.
17:02 of 1st period - Icing by Tarmo Reunanen.
17:03 of 1st period - Vincent Dunn wins face-off versus Ryan Fitzgerald in Americans zone.
17:16 of 1st period - Vincent Dunn is hit by Ryan Fitzgerald and loses puck.
17:37 of 1st period - Snap shot by Ryan Fitzgerald.
17:37 of 1st period - Stopped by Jake Allen with a rebound.
17:45 of 1st period - Minor Penalty to Alex Schoenborn for Roughing.
17:46 of 1st period - Kerby Rychel wins face-off versus Teemu Pulkkinen in Americans zone.
17:49 of 1st period - Wrist shot by Kerby Rychel.
17:49 of 1st period - Shot Blocked by Matt Grzelcyk.
17:51 of 1st period - Slapshot by Tommy Vannelli.
17:51 of 1st period - Shot Blocked by Joel Eriksson Ek.
17:53 of 1st period - Wrist shot by Kerby Rychel.
17:53 of 1st period - Shot Misses the Net.
17:55 of 1st period - Slapshot by Tommy Vannelli.
17:55 of 1st period - Stopped by Peyton Jones without a rebound.
17:56 of 1st period - Kerby Rychel wins face-off versus Teemu Pulkkinen in Americans zone.
18:11 of 1st period - Wrist shot by Teemu Pulkkinen.
18:11 of 1st period - Shot Blocked by Sam Carrick.
18:13 of 1st period - Slapshot by Matt Grzelcyk.
18:13 of 1st period - Stopped by Jake Allen without a rebound.
18:14 of 1st period - Teemu Pulkkinen wins face-off versus Adam Lowry in Bears zone.
18:15 of 1st period - Snap shot by Joel Eriksson Ek.
18:15 of 1st period - Shot Blocked by Tommy Vannelli.
18:21 of 1st period - Slapshot by Tommy Vannelli.
18:21 of 1st period - Stopped by Peyton Jones without a rebound.
18:22 of 1st period - Adam Lowry wins face-off versus Joel Eriksson Ek in Americans zone.
18:59 of 1st period - Snap shot by Marc Michaelis.
18:59 of 1st period - Stopped by Jake Allen with a rebound.
19:31 of 1st period - Slapshot by Tommy Vannelli.
19:31 of 1st period - Shot Blocked by Dillon Heatherington.
19:33 of 1st period - Snap shot by Joshua Leivo.
19:33 of 1st period - Goal by Joshua Leivo - Bears : 2 - Americans : 0.
19:34 of 1st period - Maxim Mamin wins face-off versus Sam Carrick in neutral zone.
19:37 of 1st period - Kerby Rychel is hit by Vladimir Tkachev and loses puck.
Goals for this period are 2 for Bears vs 0 for Americans.
Shots for this period are 15 for Bears vs 11 for Americans.
2nd period
0:01 of 2nd period - Joel Eriksson Ek wins face-off versus Sam Carrick in neutral zone.
0:08 of 2nd period - Snap shot by Joel Eriksson Ek.
0:08 of 2nd period - Shot Blocked by Tommy Vannelli.
0:35 of 2nd period - Slapshot by A.J. Jenks.
0:35 of 2nd period - Shot Misses the Net.
0:37 of 2nd period - Slapshot by Tommy Vannelli.
0:37 of 2nd period - Shot Blocked by Dillon Heatherington.
0:55 of 2nd period - Snap shot by Matt Grzelcyk.
0:55 of 2nd period - Shot Misses the Net.
0:57 of 2nd period - Slapshot by Dillon Heatherington.
0:57 of 2nd period - Stopped by Jake Allen with a rebound.
0:59 of 2nd period - Slapshot by Matt Grzelcyk.
0:59 of 2nd period - Stopped by Jake Allen without a rebound.
1:00 of 2nd period - Sam Carrick wins face-off versus Joel Eriksson Ek in Bears zone.
1:57 of 2nd period - Snap shot by Vincent Dunn.
1:57 of 2nd period - Shot Misses the Net.
1:59 of 2nd period - Wrist shot by Cole Smith.
1:59 of 2nd period - Shot Hit the Post.
3:47 of 2nd period - Michael Prapavessis is hit by Teemu Pulkkinen and loses puck.
3:54 of 2nd period - Richard Nejezchleb is hit by Colby Cave and loses puck.
4:11 of 2nd period - Slapshot by Maxim Mamin.
4:11 of 2nd period - Shot Misses the Net.
4:29 of 2nd period - Snap shot by Ryan Fitzgerald.
4:29 of 2nd period - Deflect By Cole Smith.
4:29 of 2nd period - Shot Misses the Net.
4:29 of 2nd period - Puck is out of play.
4:30 of 2nd period - Ryan Fitzgerald wins face-off versus Sam Carrick in Bears zone.
4:54 of 2nd period - Off-side.
4:55 of 2nd period - Joel Eriksson Ek wins face-off versus Adam Lowry in neutral zone.
5:32 of 2nd period - Slapshot by Matt Grzelcyk.
5:32 of 2nd period - Stopped by Jake Allen without a rebound.
5:33 of 2nd period - Maxim Mamin wins face-off versus Vincent Dunn in Bears zone.
5:59 of 2nd period - Dillon Heatherington is hit by A.J. Jenks.
6:02 of 2nd period - Off-side.
6:03 of 2nd period - Adam Lowry wins face-off versus Joel Eriksson Ek in neutral zone.
6:10 of 2nd period - Tarmo Reunanen is hit by Joshua Leivo and loses puck.
6:20 of 2nd period - Victor Mete is hit by Tommy Vannelli and loses puck.
6:27 of 2nd period - Teemu Pulkkinen is hit by Adam Lowry and loses puck.
7:09 of 2nd period - Tarmo Reunanen is hit by A.J. Jenks and loses puck.
7:14 of 2nd period - Snap shot by Joshua Leivo.
7:14 of 2nd period - Shot Misses the Net.
7:27 of 2nd period - Off-side.
7:28 of 2nd period - Nicolas Aube-Kubel wins face-off versus Ryan Fitzgerald in neutral zone.
7:53 of 2nd period - Tommy Vannelli is hit by Daniel Sprong and loses puck.
8:04 of 2nd period - Wrist shot by Tommy Vannelli.
8:04 of 2nd period - Shot Blocked by Dmitri Semykin.
8:07 of 2nd period - Icing by Maxim Mamin.
8:08 of 2nd period - Maxim Mamin wins face-off versus Sam Carrick in Americans zone.
8:40 of 2nd period - Snap shot by Maxim Mamin.
8:40 of 2nd period - Stopped by Jake Allen with a rebound.
8:44 of 2nd period - Snap shot by Vladimir Tkachev.
8:44 of 2nd period - Shot Misses the Net.
8:46 of 2nd period - Snap shot by Maxim Mamin.
8:46 of 2nd period - Stopped by Jake Allen with a rebound.
8:48 of 2nd period - Snap shot by Daniel Sprong.
8:48 of 2nd period - Goal by Daniel Sprong - Bears : 2 - Americans : 1.
8:49 of 2nd period - Joel Eriksson Ek wins face-off versus A.J. Jenks in neutral zone.
9:03 of 2nd period - Slapshot by A.J. Jenks.
9:03 of 2nd period - Shot Misses the Net.
9:05 of 2nd period - Slapshot by Gianluca Curcuruto.
9:05 of 2nd period - Stopped by Peyton Jones without a rebound.
9:06 of 2nd period - Ryan Fitzgerald wins face-off versus Sam Carrick in Americans zone.
9:33 of 2nd period - Joel Eriksson Ek is hit by A.J. Jenks and loses puck.
9:51 of 2nd period - Off-side.
9:52 of 2nd period - Zachary Senyshyn wins face-off versus Vincent Dunn in neutral zone.
9:54 of 2nd period - Minor Penalty to Victor Mete for Tripping.
9:55 of 2nd period - Teemu Pulkkinen wins face-off versus Nicolas Aube-Kubel in Americans zone.
9:55 of 2nd period - Teemu Pulkkinen is hit by Kerby Rychel.
10:08 of 2nd period - Backhand shot by Kerby Rychel.
10:08 of 2nd period - Goal by Kerby Rychel - Bears : 3 - Americans : 1.
10:09 of 2nd period - Sam Carrick wins face-off versus Joel Eriksson Ek in neutral zone.
10:22 of 2nd period - Snap shot by Kerby Rychel.
10:22 of 2nd period - Shot Misses the Net.
10:24 of 2nd period - Slapshot by Gianluca Curcuruto.
10:24 of 2nd period - Stopped by Peyton Jones with a rebound.
10:36 of 2nd period - Tommy Vannelli is hit by Marc Michaelis and loses puck.
10:43 of 2nd period - Snap shot by Ryan Fitzgerald.
10:43 of 2nd period - Shot Misses the Net.
10:45 of 2nd period - Slapshot by Victor Mete.
10:45 of 2nd period - Shot Blocked by Gianluca Curcuruto.
10:47 of 2nd period - Wrist shot by Ryan Fitzgerald.
10:47 of 2nd period - Shot Misses the Net.
11:19 of 2nd period - Slapshot by Victor Mete.
11:19 of 2nd period - Stopped by Jake Allen with a rebound.
11:50 of 2nd period - Snap shot by Teemu Pulkkinen.
11:50 of 2nd period - Shot Misses the Net.
12:04 of 2nd period - Slapshot by Joshua Leivo.
12:04 of 2nd period - Shot Misses the Net.
12:51 of 2nd period - Wrist shot by John Leonard.
12:51 of 2nd period - Shot Blocked by Vincent Dunn.
13:27 of 2nd period - Wrist shot by John Leonard.
13:27 of 2nd period - Stopped by Jake Allen without a rebound.
13:28 of 2nd period - Joel Eriksson Ek wins face-off versus Sam Carrick in Bears zone.
13:42 of 2nd period - Minor Penalty to Matt Grzelcyk for Goalie Interference.
13:43 of 2nd period - Sam Carrick wins face-off versus Teemu Pulkkinen in Americans zone.
14:09 of 2nd period - Dillon Heatherington is hit by A.J. Jenks and loses puck.
15:24 of 2nd period - Teemu Pulkkinen is hit by A.J. Jenks.
15:42 of 2nd period - Penalty to Matt Grzelcyk is over, Matt Grzelcyk is back on ice.
15:46 of 2nd period - Slapshot by Austin Wuthrich.
15:46 of 2nd period - Deflect By Colby Cave.
15:46 of 2nd period - Stopped by Peyton Jones with a rebound.
15:48 of 2nd period - Wrist shot by Austin Wuthrich.
15:48 of 2nd period - Stopped by Peyton Jones without a rebound.
15:49 of 2nd period - Ryan Fitzgerald wins face-off versus Colby Cave in Americans zone.
15:53 of 2nd period - Off-side.
15:54 of 2nd period - Ryan Fitzgerald wins face-off versus Vincent Dunn in neutral zone.
16:01 of 2nd period - Off-side.
16:02 of 2nd period - Vincent Dunn wins face-off versus Joel Eriksson Ek in neutral zone.
16:15 of 2nd period - Richard Nejezchleb is hit by Cole Smith and loses puck.
16:26 of 2nd period - Tarmo Reunanen is hit by Vincent Dunn and loses puck.
16:31 of 2nd period - Snap shot by Vincent Dunn.
16:31 of 2nd period - Shot Blocked by Marc Michaelis.
16:33 of 2nd period - Snap shot by Austin Wuthrich.
16:33 of 2nd period - Shot Misses the Net.
16:35 of 2nd period - Wrist shot by Michael Prapavessis.
16:35 of 2nd period - Shot Misses the Net.
16:37 of 2nd period - Slapshot by Emil Johansson.
16:37 of 2nd period - Shot Misses the Net.
17:18 of 2nd period - Matt Grzelcyk is hit by Austin Wuthrich and loses puck.
17:47 of 2nd period - Snap shot by Austin Wuthrich.
17:47 of 2nd period - Stopped by Peyton Jones without a rebound.
17:48 of 2nd period - Sam Carrick wins face-off versus Joel Eriksson Ek in Americans zone.
18:07 of 2nd period - Sam Carrick is hit by Joel Eriksson Ek and loses puck.
19:44 of 2nd period - Tarmo Reunanen is hit by Gianluca Curcuruto and loses puck.
Goals for this period are 1 for Bears vs 1 for Americans.
Shots for this period are 6 for Bears vs 8 for Americans.
3rd period
0:01 of 3rd period - Joel Eriksson Ek wins face-off versus Nicolas Aube-Kubel in neutral zone.
0:04 of 3rd period - Slapshot by Matt Grzelcyk.
0:04 of 3rd period - Stopped by Jake Allen without a rebound.
0:05 of 3rd period - Nicolas Aube-Kubel wins face-off versus Joel Eriksson Ek in Bears zone.
0:05 of 3rd period - Nicolas Aube-Kubel is hit by Joel Eriksson Ek.
0:11 of 3rd period - Snap shot by Nicolas Aube-Kubel.
0:11 of 3rd period - Stopped by Peyton Jones with a rebound.
1:21 of 3rd period - Wrist shot by Teemu Pulkkinen.
1:21 of 3rd period - Shot Misses the Net.
1:33 of 3rd period - Slapshot by Sam Carrick.
1:33 of 3rd period - Deflect By Kerby Rychel.
1:33 of 3rd period - Shot Blocked by Nathan Noel.
1:33 of 3rd period - Puck is out of play.
1:34 of 3rd period - Nathan Noel wins face-off versus Sam Carrick in Americans zone.
1:59 of 3rd period - Adam Lowry is hit by Spencer Stastney and loses puck.
2:37 of 3rd period - Wrist shot by Jacob Bryson.
2:37 of 3rd period - Shot Blocked by Tarmo Reunanen.
3:28 of 3rd period - Slapshot by Joel Eriksson Ek.
3:28 of 3rd period - Shot Blocked by Michael Prapavessis.
4:43 of 3rd period - Backhand shot by Cole Smith.
4:43 of 3rd period - Stopped by Peyton Jones without a rebound.
4:44 of 3rd period - Sam Carrick wins face-off versus Joel Eriksson Ek in Americans zone.
4:47 of 3rd period - Snap shot by Nicolas Aube-Kubel.
4:47 of 3rd period - Stopped by Peyton Jones with a rebound.
4:49 of 3rd period - Wrist shot by Emil Johansson.
4:49 of 3rd period - Stopped by Peyton Jones without a rebound.
4:50 of 3rd period - Sam Carrick wins face-off versus Joel Eriksson Ek in Americans zone.
5:09 of 3rd period - Matt Grzelcyk is hit by A.J. Jenks and loses puck.
5:30 of 3rd period - Snap shot by Sam Carrick.
5:30 of 3rd period - Stopped by Peyton Jones with a rebound.
5:32 of 3rd period - Wrist shot by Kerby Rychel.
5:32 of 3rd period - Shot Misses the Net.
5:34 of 3rd period - Snap shot by Sam Carrick.
5:34 of 3rd period - Stopped by Peyton Jones without a rebound.
5:35 of 3rd period - Cole Smith wins face-off versus Ryan Fitzgerald in Americans zone.
5:44 of 3rd period - Slapshot by Vincent Dunn.
5:44 of 3rd period - Shot Hit the Post.
5:46 of 3rd period - Snap shot by Austin Wuthrich.
5:46 of 3rd period - Goal by Austin Wuthrich - Bears : 4 - Americans : 1.
5:47 of 3rd period - Joel Eriksson Ek wins face-off versus Sam Carrick in neutral zone.
5:50 of 3rd period - Snap shot by Teemu Pulkkinen.
5:50 of 3rd period - Shot Misses the Net.
5:56 of 3rd period - Slapshot by Nicolas Aube-Kubel.
5:56 of 3rd period - Shot Misses the Net.
5:58 of 3rd period - Snap shot by Nicolas Aube-Kubel.
5:58 of 3rd period - Deflect By Joel Eriksson Ek.
5:58 of 3rd period - Shot Misses the Net.
5:58 of 3rd period - Puck is out of play.
5:59 of 3rd period - Joel Eriksson Ek wins face-off versus Sam Carrick in Americans zone.
6:14 of 3rd period - Snap shot by Nicolas Aube-Kubel.
6:14 of 3rd period - Shot Misses the Net.
7:34 of 3rd period - Wrist shot by Zachary Senyshyn.
7:34 of 3rd period - Shot Misses the Net.
7:44 of 3rd period - Victor Mete is hit by Michael Prapavessis and loses puck.
8:06 of 3rd period - A.J. Jenks is hit by Daniel Sprong and loses puck.
8:15 of 3rd period - Maxim Mamin is hit by A.J. Jenks.
8:55 of 3rd period - Slapshot by Matt Grzelcyk.
8:55 of 3rd period - Stopped by Jake Allen without a rebound.
8:56 of 3rd period - Sam Carrick wins face-off versus Joel Eriksson Ek in Bears zone.
9:07 of 3rd period - Wrist shot by Teemu Pulkkinen.
9:07 of 3rd period - Stopped by Jake Allen without a rebound.
9:08 of 3rd period - Sam Carrick wins face-off versus Joel Eriksson Ek in Bears zone.
9:26 of 3rd period - Victor Mete is hit by Nicolas Aube-Kubel.
9:30 of 3rd period - Tommy Vannelli is hit by Teemu Pulkkinen and loses puck.
9:41 of 3rd period - Snap shot by Cole Smith.
9:41 of 3rd period - Shot Misses the Net.
9:53 of 3rd period - Slapshot by Austin Wuthrich.
9:53 of 3rd period - Shot Misses the Net.
10:05 of 3rd period - Nathan Noel is hit by Nikolay Prokhorkin and loses puck.
10:26 of 3rd period - Nicolas Aube-Kubel is hit by Maxim Mamin and loses puck.
10:44 of 3rd period - Minor Penalty to Tarmo Reunanen for Tripping.
10:45 of 3rd period - Teemu Pulkkinen wins face-off versus Sam Carrick in Americans zone.
10:45 of 3rd period - Teemu Pulkkinen is hit by Sam Carrick.
11:09 of 3rd period - Matt Grzelcyk is hit by Adam Lowry and loses puck.
11:32 of 3rd period - Dillon Heatherington is hit by Kerby Rychel and loses puck.
12:19 of 3rd period - Adam Lowry is hit by Vladimir Tkachev and loses puck.
12:44 of 3rd period - Penalty to Tarmo Reunanen is over, Tarmo Reunanen is back on ice.
12:50 of 3rd period - Wrist shot by Marc Michaelis.
12:50 of 3rd period - Stopped by Jake Allen with a rebound.
12:56 of 3rd period - Ryan Fitzgerald is hit by Vincent Dunn and loses puck.
13:25 of 3rd period - Austin Wuthrich is hit by Tarmo Reunanen and loses puck.
14:02 of 3rd period - Wrist shot by Daniel Sprong.
14:02 of 3rd period - Deflect By Joshua Leivo.
14:02 of 3rd period - Stopped by Jake Allen with a rebound.
14:22 of 3rd period - Cole Smith is hit by Joel Eriksson Ek and loses puck.
14:36 of 3rd period - Kerby Rychel is hit by Maxim Mamin and loses puck.
14:53 of 3rd period - Joshua Leivo is hit by Nathan Noel and loses puck.
16:27 of 3rd period - Ryan Fitzgerald is hit by Sam Carrick and loses puck.
16:55 of 3rd period - Ryan Fitzgerald is hit by Tommy Vannelli and loses puck.
17:02 of 3rd period - Tarmo Reunanen is hit by Nicolas Aube-Kubel and loses puck.
17:09 of 3rd period - Slapshot by Kerby Rychel.
17:09 of 3rd period - Shot Misses the Net.
17:11 of 3rd period - Snap shot by Emil Johansson.
17:11 of 3rd period - Stopped by Peyton Jones without a rebound.
17:12 of 3rd period - Joel Eriksson Ek wins face-off versus Adam Lowry in Americans zone.
17:49 of 3rd period - Matt Grzelcyk is hit by Logan O'Connor and loses puck.
18:00 of 3rd period - Austin Wuthrich is hit by Matt Grzelcyk and loses puck.
18:22 of 3rd period - Icing by Austin Wuthrich.
18:23 of 3rd period - Joel Eriksson Ek wins face-off versus Adam Lowry in Bears zone.
18:28 of 3rd period - Wrist shot by Joel Eriksson Ek.
18:28 of 3rd period - Stopped by Jake Allen with a rebound.
18:30 of 3rd period - Slapshot by Spencer Stastney.
18:30 of 3rd period - Stopped by Jake Allen with a rebound.
19:20 of 3rd period - Wrist shot by Zachary Senyshyn.
19:20 of 3rd period - Shot Blocked by Michael Prapavessis.
19:22 of 3rd period - Slapshot by Spencer Stastney.
19:22 of 3rd period - Stopped by Jake Allen with a rebound.
19:24 of 3rd period - Slapshot by Nathan Noel.
19:24 of 3rd period - Stopped by Jake Allen with a rebound.
19:36 of 3rd period - Dillon Heatherington is hit by Colby Cave and loses puck.
19:55 of 3rd period - Adam Lowry is hit by Joel Eriksson Ek and loses puck.
Goals for this period are 1 for Bears vs 0 for Americans.
Shots for this period are 8 for Bears vs 9 for Americans.